 Dungeon Sprint DCSS version 0.30-a0-772-g5528072125 (webtiles) character file.

Game seed: 7833728345253163256

20 rocky1 the Gusty (level 2, -4/16 HPs)
             Began as a Tengu Air Elementalist on Feb 13, 2023.
             Slain by a gnoll bouda
             ... wielding a +0 club
              (12 damage)
             ... in the Dungeon (Sprint IX: "|||||||||||||||||||||||||||||").
             The game lasted 00:00:38 (64 turns).

rocky1 the Gusty (Tengu Air Elementalist)             Turns: 64, Time: 00:00:38

Health: -4/16      AC:  2    Str:  8    XL:     2   Next: 79%
Magic:  3/6        EV: 13    Int: 15    God:
Gold:   0          SH:  0    Dex: 14    Spells: 5/6 levels left

rFire   . . .      SeeInvis .    (no weapon)
rCold   . . .      Faith    .    (no shield)
rNeg    . . .      Spirit   .    a - +0 robe
rPois   .          Reflect  .    (helmet restricted)
rElec   .          Harm     .    (no cloak)
rCorr   .          Rampage  .    (no gloves)
Will    .....      NoTele   +    (boots unavailable)
Stlth   ++                       (no amulet)
HPRegen 0.22/turn                (no ring)
MPRegen 0.10/turn                (no ring)

@: weakened
A: beak, talons 3
a: no special abilities


You were in the Dungeon.
You visited 1 branch

Inventory:

Armour
 a - a +0 robe (worn)
Scrolls
 g - a scroll of blinking
Potions
 b - 2 potions of magic
 d - a potion of heal wounds
 e - a potion of haste
 f - a potion of berserk rage


   Skills:
 * Level 1.0 Fighting
 + Level 3.3 Dodging
 - Level 2.2 Stealth
 + Level 2.6 Spellcasting
 + Level 1.6 Conjurations
 * Level 6.5 Air Magic


You had 5 spell levels left.
You knew the following spells:

 Your Spells              Type           Power      Damage    Failure   Level
a - Shock                 Conj/Air       56%        1d6       4%          1

Your spell library contained the following spells:

 Spells                   Type           Power      Damage    Failure   Level
 Swiftness                Air            21%        N/A       4%          3
 Static Discharge         Conj/Air       28%        2-4/arc   6%          2
 Airstrike                Air            10%        2d(2-18)  14%         4


Dungeon Overview and Level Annotations

Branches:
Dungeon (1/1)

Altars:


Innate Abilities, Weirdness & Mutations

You have a beak for a mouth.
You have claws for feet.


Message History

The zap hits the orc but does no damage.
The orc is severely wounded.
The zap hits the gnoll bouda.
The gnoll bouda is lightly wounded.
The zap hits the orc.
The orc is almost dead.
You feel sick. The adder closely misses you.
Unknown command.
You feel better. The adder bites you. The adder barely misses you.
Magic courses through your body. The adder bites you.
Aiming: Shock (safe; 5% risk of failure)
Press: ? - help, Q - select action Shift-Dir - straight line, f/p - adder
Aim: an adder (heavily wounded, 48% to hit)
The zap hits the adder.
You kill the adder!
The zap hits the orc.
The orc is almost dead.
The zap hits the gnoll bouda.
The gnoll bouda is moderately wounded.
The zap hits the orc.
You kill the orc!
Your Air Magic skill increases to level 6!
Aiming: Shock (safe; 4% risk of failure)
Press: ? - help, Q - select action Shift-Dir - straight line, f - orc
Aim: an orc, wielding a +0 whip and wearing a +0 scale mail (almost dead, 72% to hit)
The zap hits the orc.
You kill the orc!
The zap hits the gnoll bouda but does no damage.
The gnoll bouda is moderately wounded.
The gnoll bouda gazes fiercely through you!
You feel your attacks grow feeble.
Your Fighting skill increases to level 1!
Aiming: Shock (safe; 4% risk of failure)
Press: ? - help, Q - select action Shift-Dir - straight line, f - gnoll bouda
Aim: a gnoll bouda, wielding a +0 club and wearing a +0 leather armour (moderately wounded, 75% to hit)
The zap hits the gnoll bouda but does no damage.
The gnoll bouda is moderately wounded.
The gnoll bouda hits you with a +0 club!
Ouch! That really hurt!
You die... ▓▓▓▓▓▓▓▓▓▓▓▓▓▓▓▓▓▓ +).)..g@†.†.'...<▓ ▓▓▓▓▓▓▓▓▓▓▓▓▓▓▓▓▓▓

You could see a gnoll bouda.

Vanquished Creatures
  An adder (D)
  3 orcs (D)
  A hobgoblin (D)
  2 ball pythons (D)
  A bat (D)
  A frilled lizard (D)
9 creatures vanquished.

Notes
Turn   | Place    | Note
-------+----------+-------------------------------------------
     0 | D        | rocky1 the Tengu Air Elementalist began the quest for the
                  | Orb.
     0 | D        | Reached XP level 1. HP: 10/10 MP: 4/4
     6 | D        | Reached skill level 5 in Air Magic
    55 | D        | Noticed a gnoll bouda
    59 | D        | Reached XP level 2. HP: 8/15 MP: 1/6
    63 | D        | Reached skill level 6 in Air Magic
    64 | D        | Reached skill level 1 in Fighting
    64 | D        | Slain by a gnoll bouda

Illustrated notes

Levels and vault maps discovered:
D:        linesprint [early_d, line_temple, items_1, d_10, items_2, lair_1,
          lair_end, items_3, orc_1, orc_end, items_4, d_15, swamp_1, shoals_1,
          snake_1, spider_1, d_20, vaults_1, items_5, swamp_end, shoals_end,
          snake_end, spider_end, vaults_end, d_27, items_6, zot_1, zot_end,
          crypt_end, forest_end, elf_end, slime_end, tomb_end, abyss_end,
          pan_hell_end]

Skill      XL: |  1  2 |
---------------+-------+-----
Air Magic      | 5 6 |  6.5
Dodging        | 3 |  3.3
Fighting       | 1 |  1.0
Stealth        | |  2.2
Spellcasting   | |  2.6
Conjurations   | |  1.6

Action                     || total
---------------------------++-------
   Cast: Shock             ||    11
    Use: Potion            ||     2
 Armour: Robe              ||     1
  Dodge: Dodged            ||     3

Table legend: (Time is in decaauts)
 A = Elapsed time spent in this place.
 B = Non-inter-level travel time spent in this place.
 C = Inter-level travel time spent in this place.
 D = Time resting spent in this place.
 E = Time spent auto-exploring this place.
 F = Levels seen in this place.
 G = Mean time per level.
                   A        B        C        D        E       F      G
               +--------+--------+--------+--------+--------+-----+--------+
         Total |     64 |     64 |      0 |     40 |      0 |   1 |   64.0 |
       Dungeon |     64 |     64 |      0 |     40 |      0 |   1 |   64.0 |
               +--------+--------+--------+--------+--------+-----+--------+

Top non-repeatable levels by time:
       D: 64 daAuts
